 Dungeon Crawl Stone Soup version 0.27-a0-906-g0a00ce863d (webtiles) character file.

Game seed: 11206441738040299805

78802 DwarfAlpaca the Sorcerer (level 15, -36/85 HPs)
             Began as a Djinni Air Elementalist on Apr 6, 2021.
             Was the Champion of Makhleb.
             Killed from afar by a bog body (54 damage)
             ... with a bolt of cold
             ... on level 2 of the Swamp on Apr 7, 2021.
             The game lasted 02:05:21 (27071 turns).

DwarfAlpaca the Sorcerer (Djinni Air Elementalist) Turns: 27071, Time: 02:05:22

Health: -36/85     AC: 11    Str:  9    XL:     15   Next: 61%
Gold:   2045       EV: 11    Int: 21    God:    Makhleb [******] SH:  0 Dex: 14

rFire    + + +     SeeInvis .   C - +9 long sword of a bazaar {vorpal, rF+}
rCold    x . .     Faith    .   (no shield)
rNeg     + . .     Spirit   .   k - +0 troll leather armour
rPois    ∞         Reflect  .   F - +1 helmet
rElec    .         Harm     .   (no cloak)
rCorr    .         Rampage  .   r - +0 pair of gloves
Will     +....     Rnd*Rage +   (boots unavailable)
Stlth    ++........             u - amulet of the acrobat
HPRegen  1.24/turn              f - ring of positive energy
MPRegen  0.00/turn              i - +4 ring of protection

@: flying, slowed, studying Dodging, very slow
A: fire resistance 2, cold vulnerability 1, float, innate caster, hp casting,
extra vitality 1, berserk 1, dopey 1, strong 1
a: Renounce Religion, Minor Destruction, Lesser Servant of Makhleb, Major
Destruction, Greater Servant of Makhleb


You were on level 2 of the Swamp.
You worshipped Makhleb.
Makhleb was exalted by your worship.
You visited 5 branches of the dungeon, and saw 24 of its levels.

You collected 2045 gold pieces.

Inventory:

Hand Weapons
 C - the +9 long sword of a bazaar (weapon) {vorpal, rF+}
   (You found it on level 8 of the Dungeon)

   It inflicts extra damage upon your enemies.
   It protects you from fire.
Missiles
 j - 5 boomerangs of dispersal
 p - 2 throwing nets (quivered)
Armour
 k - a +0 troll leather armour (worn)
 r - a +0 pair of gloves (worn)
 F - a +1 helmet (worn)
Jewellery
 f - a ring of positive energy (left hand)
 i - a +4 ring of protection (right hand)
 u - an amulet of the acrobat (around neck)
 z - a +4 ring of slaying
 K - a ring of resist corrosion
Wands
 d - a wand of acid (5)
 o - a wand of flame (69)
 s - a wand of polymorph (11)
 B - a wand of charming (13)
 G - a wand of digging (7)
 I - a wand of paralysis (1)
 M - a wand of iceblast (14)
 N - a wand of random effects (23)
 Q - a wand of mindburst (20)
Scrolls
 b - 8 scrolls of teleportation
 l - 3 scrolls of brand weapon {unknown}
 m - 6 scrolls of identify
 q - 2 scrolls of holy word {unknown}
 t - a scroll of fear
 v - 2 scrolls of immolation {unknown}
 x - 2 scrolls of torment
 y - a scroll of silence {unknown}
 A - 2 scrolls of fog {unknown}
 D - a scroll of enchant armour {unknown}
 L - 3 scrolls of blinking {unknown}
 P - a scroll of magic mapping
 R - a scroll of enchant weapon {unknown}
Potions
 a - 2 potions of resistance
 c - 5 potions of heal wounds
 e - 4 potions of curing
 g - 6 potions of lignification
 h - 2 potions of haste
 n - a potion of brilliance
 w - a potion of invisibility
 E - 3 potions of might
 H - 2 potions of ambrosia
 J - a potion of berserk rage


   Skills:
 - Level 2.1 Dodging
 - Level 1.5 Stealth
 + Level 21.0 Spellcasting


You had 16 spell levels left.
You knew the following spells:

 Your Spells              Type           Power      Damage    Failure   Level
a - Shock                 Conj/Air       100%       1d9       0%          1
b - Swiftness             Air            84%        N/A       0%          2
c - Static Discharge      Conj/Air       84%        N/A       0%          3
d - Airstrike             Air            42%        N/A       0%          4
e - Lightning Bolt        Conj/Air       42%        1d61      0%          5
f - Freeze                Ice            100%       1d11      0%          1
g - Passwall              Tmut/Erth      70%        N/A       0%          2
h - Inner Flame           Hex/Fire       84%        N/A       0%          3
i - Confusing Touch       Hex            84%        N/A       0%          3
j - Fireball              Conj/Fire      42%        3d17      0%          5
k - Bolt of Magma         Conj/Fire/Erth 42%        4d18      0%          5
l - Conjure Ball Lightni  Conj/Air       42%        3x3d15    1%          6
Your spell library was empty.

Dungeon Overview and Level Annotations

Branches:
Dungeon (13/15)            Temple (1/1) D:6            Lair (6/6) D:10
  Swamp (2/4) Lair:3       Spider (0/4) Lair:4        Slime (0/5) Lair:5
    Orc (2/2) D:11
    Elf: Orc:2       Vaults: D:13-14

Altars:
Ashenzari
Cheibriados
Dithmenos
Elyvilon
Fedhas
Gozag
Hepliaklqana
Kikubaaqudgha
Makhleb
Nemelex Xobeh
Okawaru
Qazlal
Ru
Sif Muna
Trog
Uskayaw
Vehumet
Wu Jian
Xom
Yredelemnul
Zin
The Shining One
Jiyva


Innate Abilities, Weirdness & Mutations

You are immune to poison.
Your flesh is very heat resistant. (rF++)
You are vulnerable to cold. (rC-)
You float through the air rather than walking.
You learn spells naturally, not from books.
Your magical power is your life essence.
You have superior vitality. (+4 HP)
You tend to lose your temper in combat.
You are dopey. (Int -2)
Your muscles are strong. (Str +2)


Message History

You feel better.
You fly upwards.
There is a stone staircase leading down here.
You start resting.
HP restored.
You fly downwards.
A bunyip skeleton comes into view.
A swamp dragon comes into view.
There is a stone staircase leading up here.
Casting: Bolt of Magma (safe; 0% risk of failure)
Confirm with . or Enter, or press ? or * to list all spells.
Aiming: Bolt of Magma (safe; 0% risk of failure)
Press: ? - help, Shift-Dir - straight line, f - bog body
Aim: a bog body (23% to evade)
The bolt of magma hits the bog body!!
The bog body partially resists.
The bog body is severely damaged.
The bog body points at you and mumbles some strange words.
The bolt of cold hits you!!!
You feel a terrible chill!
The swamp dragon breathes poison at you.
The bog body gestures at you while chanting.
You feel yourself slow down.
You fly upwards.
There is a stone staircase leading down here.
You start resting.
HP restored.
There is a stone staircase leading down here.
You fly downwards.
A ghost crab comes into view.
A spriggan comes into view. It is wielding a +1 rapier of flaming.
The bog body casts a spell at you. The bolt of cold hits you!!
You feel a terrible chill!
The bog body gestures at you while chanting.
The bolt of cold hits you!!!
You feel a terrible chill!
Ouch! That really hurt!
* * * LOW HITPOINT WARNING * * *
The spriggan closely misses you.
A spriggan druid comes into view. It is wielding a +0 quarterstaff.
The bog body gestures at you while chanting.
The bolt of cold hits you!!!
You feel a terrible chill!
Ouch! That really hurt!
You die...

.≈. ≈≈≈≈.≈≈≈≈≈.
≈≈.≈♣§.≈≈≈.≈≈.i
.≈.≈♣≈.≈≈.≈≈≈.≈
.......≈.≈.≈..≈
♣..≈≈≈≈≈.≈≈≈.♣≈
♣≈≈≈≈≈≈≈≈≈≈.≈.
♣.≈...≈.≈≈t≈≈≈
♣≈.@≈≈♣
♣≈≈≈≈≈○i≈.≈≈≈≈..
♣≈≈.≈≈○....≈≈≈.♣
♣≈≈≈≈.......≈♣≈♣
≈♣
♣.≈≈♣...Z..≈≈≈≈
.♣ .
♣..§♣♣n..≈≈≈..♣
.♣ ≈.
♣♣.≈♣♣.≈..≈.♣.♣
[♣ ≈≈≈
♣≈.≈.≈≈...≈.♣♣
.♣ ≈≈≈≈
≈≈≈≈≈≈☼○○≈.≈♣


You could see a ghost crab (wandering), a spriggan druid (wandering), a bog
body, a spriggan and a bunyip skeleton.

Vanquished Creatures
  2 ghouls (Swamp:1)
  A bunyip (Swamp:2)
  6 dire elephants (Lair:6)
  An eleionoma (Swamp:1)
  Fannar (D:10)
  2 boulder beetles
  9 hydras
  A centaur warrior (D:13)
  An anaconda (Lair:6)
  8 death yaks
  3 two-headed ogres
  2 alligators (Swamp:1)
  2 orc high priests
  Urug (D:10)
  Sonja (D:12)
  2 goliath frogs (Swamp:1)
  A swamp dragon (Swamp:1)
  2 bog bodies (Swamp:1)
  A deep elf pyromancer (D:13)
  Pikel (D:5)
  An orc sorcerer (Orc:2)
  An oklob plant (Lair:3)
  A manticore (D:12)
  13 elephants
  Maurice (Orc:1)
  Joseph (D:10)
  2 cyclopes (D:11)
  A black mamba (Lair:4)
  2 centaur zombies
  4 cane toads
  A gargoyle (D:11)
  3 unseen horrors
  7 rime drakes
  12 komodo dragons
  A kobold demonologist (D:11)
  5 trolls
  3 hornets (Lair:3)
  5 tyrant leeches (Swamp:1)
  5 dream sheep (Lair:6)
  18 blink frogs
  12 spriggans (Lair:3)
  2 redbacks (Lair:4)
  A shadow (D:11)
  2 vampires
  A wyvern (shapeshifter) (D:13)
  6 wyverns
  A wraith (D:12)
  3 basilisks
  50 yaks
  2 steam dragons
  Menkaure (D:4)
  6 swamp worms
  2 vampire mosquitoes (D:12)
  15 water moccasins
  3 wargs (Orc:1)
  Duvessa (D:5)
  2 swamp drakes (Swamp:1)
  A sky beast (D:5)
  17 orc warriors
  2 necrophages
  4 ogres
  7 centaurs
  17 wolves
  3 boggarts (Lair:3)
  2 lemures (D:5)
  2 phantoms (D:11)
  4 kobold brigands
  15 bullfrogs
  2 gnoll sergeants
  A scorpion (D:4)
  A wyvern zombie (D:8)
  Dowan (D:5)
  A wyvern skeleton (D:7)
  A troll zombie (D:11)
  4 killer bees (D:8)
  3 howler monkeys
  5 wights (D:9)
  2 vampire bats (Lair:2)
  2 bullfrog zombies (D:5)
  A centaur skeleton (D:4)
  5 hounds (D:5)
  20 orc priests
  6 iguanas
  15 orc wizards
  Terence (D:3)
  8 hell rats (Lair:1)
  Natasha (thrice) (D:3)
  5 ogre zombies (D:11)
  Robin (D:2)
  14 gnolls
  3 adders
  15 river rats (Lair:1)
  3 ufetubi
  A worm (D:3)
  4 dart slugs
  81 orcs
  3 ball pythons
  2 endoplasms
  3 giant cockroaches
  10 goblins
  9 hobgoblins
  19 jackals
  7 quokkas
  10 bats
  3 frilled lizards
  2 goblin skeletons (D:11)
  2 goblin zombies (D:11)
  2 hobgoblin skeletons (D:11)
  2 hobgoblin zombies (D:11)
  19 kobolds
  2 orc skeletons (D:11)
  9 orc zombies (D:11)
  11 rats
  A bush (Lair:5)
644 creatures vanquished.

Vanquished Creatures (others)
  6 ball lightnings (Swamp:1)
  A bush (Lair:6)
  16 fungi
  69 plants
92 creatures vanquished.

Grand Total: 736 creatures vanquished

Notes
Turn   | Place    | Note
-------+----------+-------------------------------------------
     0 | D:1      | DwarfAlpaca the Djinni Air Elementalist began the quest for
                  | the Orb.
     0 | D:1      | Reached XP level 1. HP: 15/15 MP: 0/0
    90 | D:1      | You are sucked into a shaft and drop 1 floor!
   124 | D:2      | Reached skill level 3 in Spellcasting
   124 | D:2      | Reached XP level 2. HP: 17/21 MP: 0/0
   568 | D:2      | Reached XP level 3. HP: 18/25 MP: 0/0
   568 | D:2      | Learned a level 1 spell: Freeze
  1298 | D:1      | Reached skill level 4 in Spellcasting
  1519 | D:1      | Reached XP level 4. HP: 23/31 MP: 0/0
  2047 | D:1      | Found a faded altar of an unknown god.
  2450 | D:2      | Noticed Robin
  2479 | D:2      | Killed Robin
  3413 | D:3      | Noticed Natasha
  3425 | D:3      | Killed Natasha
  3426 | D:3      | Reached XP level 5. HP: 30/35 MP: 0/0
  3426 | D:3      | Learned a level 2 spell: Passwall
  3942 | D:3      | Noticed Terence
  3955 | D:3      | Killed Terence
  3956 | D:3      | Reached skill level 5 in Spellcasting
  4131 | D:3      | Noticed Natasha
  4133 | D:3      | Killed Natasha
  4384 | D:3      | Noticed Natasha
  4399 | D:3      | Killed Natasha
  4664 | D:4      | Noticed a steam dragon
  4672 | D:4      | Killed a steam dragon
  4673 | D:4      | Reached skill level 6 in Spellcasting
  4673 | D:4      | Reached XP level 6. HP: 15/40 MP: 0/0
  5388 | D:4      | Reached XP level 7. HP: 37/45 MP: 0/0
  5388 | D:4      | Learned a level 3 spell: Inner Flame
  5522 | D:4      | Noticed Menkaure
  5526 | D:4      | Killed Menkaure
  5527 | D:4      | Reached skill level 7 in Spellcasting
  5969 | D:4      | Identified the +1 pair of gloves of Exclusion {Harm rC+
                  | Str+4}
  6218 | D:5      | Entered Level 5 of the Dungeon
  6237 | D:5      | Reached skill level 8 in Spellcasting
  6237 | D:5      | Reached XP level 8. HP: 37/50 MP: 0/0
  6340 | D:5      | Noticed Dowan
  6774 | D:5      | Identified the +1 robe "Fuuh" {rCorr MP-9 Stlth+}
  7034 | D:5      | Noticed Duvessa
  7219 | D:5      | Killed Duvessa
  7688 | D:5      | Reached skill level 9 in Spellcasting
  8094 | D:5      | Noticed Pikel
  8207 | D:5      | Killed Pikel
  8208 | D:5      | Reached skill level 10 in Spellcasting
  8208 | D:5      | Reached XP level 9. HP: 14/55 MP: 0/0
  8208 | D:5      | Learned a level 3 spell: Confusing Touch
  9023 | D:6      | Identified the +4 buckler "Koblap" {rN+}
  9127 | D:6      | Found a staircase to the Ecumenical Temple.
 10680 | Temple   | Entered the Ecumenical Temple
 10851 | Temple   | Became a worshipper of Makhleb the Destroyer
 11336 | D:5      | Killed Dowan
 11392 | D:7      | Reached skill level 11 in Spellcasting
 11850 | D:8      | Identified the +9 long sword of a bazaar {vorpal, rF+}
 11970 | D:8      | Reached XP level 10. HP: 44/60 MP: 0/0
 12148 | D:8      | Reached skill level 12 in Spellcasting
 13564 | D:9      | Reached * piety under Makhleb
 13997 | D:9      | Reached skill level 13 in Spellcasting
 14422 | D:9      | You are sucked into a shaft and drop 1 floor!
 14422 | D:10     | Entered Level 10 of the Dungeon
 14422 | D:10     | Found a staircase to the Lair.
 14426 | D:10     | Noticed a two-headed ogre
 14433 | D:10     | Killed a two-headed ogre
 14434 | D:10     | Reached XP level 11. HP: 60/65 MP: 0/0
 14434 | D:10     | Learned a level 5 spell: Fireball
 14467 | D:9      | Identified the +7 chain mail "Ifacuidi" {MP+9}
 15091 | D:10     | Noticed Fannar
 15098 | D:10     | Reached ** piety under Makhleb
 15102 | D:10     | Reached skill level 14 in Spellcasting
 15343 | D:10     | Killed Fannar
 15618 | D:10     | Noticed Joseph
 15623 | D:10     | Killed Joseph
 15680 | D:10     | Noticed Urug
 15731 | D:10     | Found a stormy altar of Qazlal.
 15955 | D:10     | Paralysed by Urug for 4 turns
 16047 | D:10     | Killed Urug
 16261 | D:12     | Noticed Sonja
 16263 | D:12     | Killed Sonja
 16301 | D:11     | Noticed a cyclops
 16407 | D:11     | Reached skill level 15 in Spellcasting
 16628 | D:11     | Noticed a boulder beetle
 16634 | D:11     | Killed a boulder beetle
 16635 | D:11     | Reached XP level 12. HP: 51/70 MP: 0/0
 16648 | D:11     | Reached *** piety under Makhleb
 16714 | D:11     | Found a staircase to the Orcish Mines.
 17065 | D:11     | Noticed a two-headed ogre
 17087 | D:11     | Killed a two-headed ogre
 17481 | Lair:1   | Entered Level 1 of the Lair of Beasts
 17509 | Lair:1   | Noticed a four-headed hydra
 17513 | Lair:1   | Killed a four-headed hydra
 17547 | Lair:1   | Reached skill level 16 in Spellcasting
 17763 | Lair:1   | Reached **** piety under Makhleb
 18662 | Lair:2   | Noticed an eight-headed hydra
 18826 | Lair:1   | Reached ***** piety under Makhleb
 19056 | Lair:2   | Reached skill level 17 in Spellcasting
 19065 | Lair:2   | Reached XP level 13. HP: 73/75 MP: 0/0
 19065 | Lair:2   | Learned a level 5 spell: Bolt of Magma
 20204 | Lair:3   | Found a staircase to the Swamp.
 20424 | Lair:3   | Reached skill level 18 in Spellcasting
 20711 | Lair:3   | Reached ****** piety under Makhleb
 21251 | Lair:4   | Found a hole to the Spider Nest.
 21279 | Lair:4   | Reached XP level 14. HP: 76/80 MP: 0/0
 21972 | Lair:5   | Found a viscous altar of Jiyva.
 21972 | Lair:5   | Found a staircase to the Slime Pits.
 22455 | Lair:5   | Reached skill level 19 in Spellcasting
 22455 | Lair:5   | Upgraded the game from 0.27-a0-901-g8736458e1e to
                  | 0.27-a0-906-g0a00ce863d
 22780 | Lair:6   | Entered Level 6 of the Lair of Beasts
 22805 | Lair:6   | Found a burning altar of Makhleb.
 23743 | Lair:6   | Noticed a dire elephant
 23784 | Lair:6   | Noticed a dire elephant
 23790 | Lair:6   | Killed a dire elephant
 23794 | Lair:6   | Noticed a dire elephant
 23800 | Lair:6   | Killed a dire elephant
 23827 | Lair:6   | Killed a dire elephant
 23855 | Lair:6   | Noticed a dire elephant
 23855 | Lair:6   | Noticed a dire elephant
 23866 | Lair:6   | Killed a dire elephant
 23867 | Lair:6   | Killed a dire elephant
 23913 | Lair:6   | Noticed a dire elephant
 23923 | Lair:6   | Killed a dire elephant
 23987 | Lair:6   | Reached skill level 20 in Spellcasting
 24553 | D:12     | Reached XP level 15. HP: 85/85 MP: 0/0
 24553 | D:12     | Learned a level 6 spell: Conjure Ball Lightning
 25626 | Orc:1    | Entered Level 1 of the Orcish Mines
 25654 | Orc:1    | Noticed Maurice
 25659 | Orc:1    | Killed Maurice
 26168 | Orc:2    | Entered Level 2 of the Orcish Mines
 26259 | Orc:1    | Gained mutation: You are frail. (-10% HP) [potion of
                  | mutation]
 26259 | Orc:1    | Gained mutation: You expend health (3 HP) to strengthen
                  | your wands. [potion of mutation]
 26259 | Orc:1    | Gained mutation: You possess an exceptional clarity of
                  | mind. [potion of mutation]
 26259 | Orc:1    | Gained mutation: Your mind is acute. (Int +2) [potion of
                  | mutation]
 26260 | Orc:1    | Lost mutation: You possess an exceptional clarity of mind.
                  | [potion of mutation]
 26260 | Orc:1    | Lost mutation: You are frail. (-10% HP) [potion of
                  | mutation]
 26260 | Orc:1    | Lost mutation: Your mind is acute. (Int +2) [potion of
                  | mutation]
 26260 | Orc:1    | Lost mutation: You expend health (3 HP) to strengthen your
                  | wands. [potion of mutation]
 26260 | Orc:1    | Gained mutation: You tend to lose your temper in combat.
                  | [potion of mutation]
 26260 | Orc:1    | Gained mutation: You are dopey. (Int -2) [potion of
                  | mutation]
 26260 | Orc:1    | Gained mutation: Your muscles are strong. (Str +2) [potion
                  | of mutation]
 26540 | Swamp:1  | Entered Level 1 of the Swamp
 26707 | Swamp:1  | Noticed a ghoul
 26720 | Swamp:1  | Noticed a ghoul
 26744 | Swamp:1  | Killed a ghoul
 26745 | Swamp:1  | Killed a ghoul
 26982 | Swamp:1  | Reached skill level 21 in Spellcasting
 27071 | Swamp:2  | Killed from afar by a bog body

Illustrated notes

Levels and vault maps discovered:
D:1:      lightli_arrival_farm, layout_basic, basic_ecumenical_altar,
          serial_rivers, chequers_serial_rivers_small_b,
          chequers_serial_rivers_small_3, chequers_serial_rivers_marsh,
          chequers_serial_rivers_micro_c, chequers_serial_rivers_micro_d,
          minivault_14
D:2:      layout_basic, serial_aquarium, aquarium_bridge_square
          [aquarium_subvault_bridge, aquarium_subvault_bridge,
          aquarium_subvault_window, aquarium_subvault_bridge],
          aquarium_bridge_island_small [aquarium_subvault_small_open,
          aquarium_subvault_bridge, aquarium_subvault_window,
          aquarium_subvault_bridge, aquarium_subvault_window],
          aquarium_window_corridor_2, aquarium_window_fake,
          aquarium_window_fake, aquarium_window_1, aquarium_view_2c,
          aquarium_pool_1, uniq_robin
D:3:      layout_loops_corners, uniq_terence, uniq_natasha
D:4:      layout_cave_pods, lemuel_old_faithful, uniq_menkaure
D:5:      layout_basic, uniq_duvessa, uniq_pikel
D:6:      layout_cave_pools, minmay_temple_entry_from_below_a
D:7:      layout_rooms
D:8:      layout_cave_pods, eino_small_chamber_without_monster
D:9:      layout_irregular_city
D:10:     layout_roguey [special_room_orc], minitemple, david_lair_shrubbed,
          uniq_joseph, uniq_urug, uniq_fannar
D:11:     layout_basic, zombieorc1_lemuel, serial_corexii_hall,
          chequers_hall_statues_corner_a, chequers_hall_statues_wall_a,
          lemuel_flamethrower_1
D:12:     kennysheep_big_flooded_room, layout_loops_ring, uniq_sonja
D:13:     layout_stronghold, david_vaults_1
Temple:   regret_index_temple_chain_breaker
Lair:1:   lemuel_ratsnest, layout_cave_pods
Lair:2:   layout_chaotic_city, roderic_batcave, minivault_23, minivault_25
Lair:3:   kb_forest_paths, layout_chaotic_city, minmay_swamp_entry_worms
Lair:4:   layout_roguey, spider_nest_entry_a, serial_forest,
          infiniplex_forest_lined_room_, infiniplex_forest_end_2,
          infiniplex_forest_clump_cross, infiniplex_forest_clump_double,
          infiniplex_forest_clump_diagonal, infiniplex_forest_clump_small,
          infiniplex_forest_end_3, infiniplex_forest_end_3
Lair:5:   layout_hall_layers, slime_altar_1
Lair:6:   due_jungle_book, layout_loops_ring, basic_altar
Swamp:1:  layout_basic_swamp, nicolae_swamp_bean_lake
Swamp:2:  layout_falls_marsh, evilmike_swamp_ruin_rubble_2, beargit_kiku_chapel,
          infiniplex_staircase_pool_2
Orc:1:    layout_diamond_mine, uniq_maurice
Orc:2:    st_orc_elflike, layout_caves

Skill      XL: |  1  2  3  4  5  6  7  8  9 10 11 12 13 14 15 |
---------------+----------------------------------------------+-----
Spellcasting   | 3 4 6 8 10 11 13 15 17 18 20 21 | 21.0
Dodging        | |  2.1
Stealth        | |  1.5

Action                   |  1- 3 |  4- 6 |  7- 9 | 10-12 | 13-15 || total
-------------------------+-------+-------+-------+-------+-------++-------
Melee: Trident           |       |     5 |     4 |       |       ||     9
       Quick blade       |       |       |    74 |       |       ||    74
       Long sword        |       |       |       |   232 |    90 ||   322
 Cast: Shock             |    57 |    99 |   115 |     4 |     1 ||   276
       Static Discharge  |       |     1 |     4 |     5 |    12 ||    22
       Airstrike         |       |     7 |    48 |    69 |   241 ||   365
       Freeze            |       |       |     1 |     1 |       ||     2
       Passwall          |       |       |     1 |       |       ||     1
       Lightning Bolt    |       |       |     2 |    93 |    49 ||   144
       Swiftness         |       |       |       |     1 |       ||     1
       Fireball          |       |       |       |     3 |    27 ||    30
       Bolt of Magma     |       |       |       |       |    84 ||    84
       Conjure Ball Ligh |       |       |       |       |     2 ||     2
Invok: Minor Destruction |       |       |       |     3 |       ||     3
  Use: Potion            |       |       |     7 |     1 |     5 ||    13
       Scroll            |       |       |     5 |     8 |     1 ||    14
 Stab: Sleeping          |       |       |     1 |     1 |       ||     2
       Distracted        |       |       |     1 |     1 |       ||     2
Armor: Robe              |     4 |     6 |    19 |    21 |       ||    50
       Troll leather arm |       |       |       |   111 |    74 ||   185
Dodge: Dodged            |    12 |    26 |    76 |   224 |   142 ||   480
       Rpst.: Long sword |       |       |       |    62 |    38 ||   100

Table legend: (Time is in decaauts)
 A = Elapsed time spent in this place.
 B = Non-inter-level travel time spent in this place.
 C = Inter-level travel time spent in this place.
 D = Time resting spent in this place.
 E = Time spent auto-exploring this place.
 F = Levels seen in this place.
 G = Mean time per level.
                   A        B        C        D        E       F      G
               +--------+--------+--------+--------+--------+-----+--------+
         Total |  27248 |  25601 |   1647 |   3480 |  14675 |  24 | 1135.3 |
       Dungeon |  18765 |  17794 |    971 |   3326 |  10362 |  13 | 1443.5 |
        Temple |    181 |    171 |     10 |      0 |     91 |   1 |  181.0 |
          Lair |   6962 |   6404 |    558 |     66 |   3674 |   6 | 1160.3 |
         Swamp |    545 |    545 |      0 |     50 |    194 |   2 |  272.5 |
  Orcish Mines |    793 |    686 |    107 |     38 |    354 |   2 |  396.5 |
               +--------+--------+--------+--------+--------+-----+--------+

Top non-repeatable levels by time:
     D:5: 2694 daAuts
     D:8: 2126 daAuts
     D:2: 1848 daAuts
     D:3: 1830 daAuts
     D:9: 1715 daAuts
     D:4: 1566 daAuts
  Lair:1: 1408 daAuts
    D:11: 1380 daAuts
  Lair:6: 1380 daAuts
  Lair:3: 1297 daAuts
     D:1: 1170 daAuts
  Lair:4: 1097 daAuts
     D:6: 1081 daAuts
     D:7: 1024 daAuts
    D:10: 936 daAuts
